 Dungeon Crawl Stone Soup version 0.31-a0-271-gb88eb75e06 (webtiles) character file.

Game seed: 7884220780663221565

1782 worthlessgem the Changeling (level 9, 0/62 HPs)
             Began as a Djinni Shapeshifter on July 14, 2023.
             Was a Believer of Fedhas.
             Slain by a killer bee (1 damage)
             ... on level 5 of the Dungeon.
             The game lasted 00:23:30 (5517 turns).

worthlessgem the Changeling (Djinni Shapeshifter)   Turns: 5517, Time: 00:23:31

Health: 0/62       AC:  5    Str: 13 (14) XL:     9   Next: 29%
Gold:   172        EV: 11    Int: 14 (15) God:    Fedhas [**....] SH:  0 Dex: 11 (13)

rFire   + + +        a - +4 mace (protect)
rCold   . . .        (no shield)
rNeg    . . .        i - +1 troll leather armour {Pargi}
rPois   ∞            (helmet currently unavailable)
rElec   +            (cloak currently unavailable)
rCorr   +            (gloves currently unavailable)
SInv    .            (boots unavailable)
Will    .....        u - amulet of regeneration
Stlth   +            (no ring)
HPRegen 1.90/turn    (no ring)
MPRegen 0.00/turn

%: infuse magic (-1 HP)
@: beast-form, resistant, flying
A: beast (slay +4), flying, sickness immunity, fire resistance 2, cold
vulnerability 1, float, innate caster, HP casting, extra vitality 1
a: Begin Untransformation, Renounce Religion, Wall of Briars


You were on level 5 of the Dungeon.
You worshipped Fedhas.
Fedhas was pleased with you.
You were a hulking beast.
You visited 2 branches of the dungeon, and saw 6 of its levels.
You also visited: Sewer.

You collected 172 gold pieces.

Inventory:

Hand Weapons
 a - a +4 mace of protection (weapon)
 b - a +0 sling
Missiles
 g - 74 stones
 q - 26 poisoned darts
Armour
 d - a +0 ring mail
 f - a +0 leather armour
 i - a +1 troll leather armour (worn) {Pargi}
Jewellery
 r - a +5 ring of evasion
 u - an amulet of regeneration (around neck)
Talismans
 c - a beast talisman
 k - a maw talisman
Wands
 m - a wand of flame (15)
Scrolls
 e - a scroll of revelation
 h - a scroll of noise
 o - 3 scrolls of teleportation
 p - 2 scrolls of identify
 s - a scroll of enchant armour
Potions
 j - 2 potions of lignification
 n - a potion of haste
 v - 2 potions of degeneration
 w - a potion of ambrosia


   Skills:
 + Level 3.7 Fighting
 - Level 2.1 Dodging
 + Level 5.3 Unarmed Combat
 - Level 4.0 Spellcasting
 - Level 4.0 Conjurations
 - Level 4.0 Hexes
 - Level 4.0 Summonings
 - Level 4.0 Necromancy
 - Level 4.0 Translocations
 - Level 4.0 Transmutations
 - Level 4.0 Fire Magic
 - Level 4.0 Ice Magic
 - Level 4.0 Air Magic
 - Level 4.0 Earth Magic
 - Level 4.0 Poison Magic
 + Level 6.6 Shapeshifting


You knew the following spells:

 Your Spells              Type           Power      Damage    Failure   Level
a - Foxfire               Conj/Fire      56%        2x1d6     4%          1
b - Blink                 Tloc           28%        N/A       7%          2
c - Ensorcelled Hibernat  Hex/Ice        28%        N/A       7%          2
d - Summon Lightning Spi  Summ/Air       14%        N/A       43%         4
Your spell library was empty.

Dungeon Overview and Level Annotations

Branches:
Dungeon (5/15)             Temple (1/1) D:4           Sewer (visited)

Altars:
Ashenzari
Cheibriados
Dithmenos
Fedhas
Gozag
Hepliaklqana
Makhleb
Nemelex Xobeh
Okawaru
Uskayaw
Wu Jian
Xom
Yredelemnul


Innate Abilities, Weirdness & Mutations

You are a hulking beast.
Your limbs bulge with bestial killing power. (Slay +4)
You are flying.
You are immune to sickness and miasma.
You are immune to poison.
Your flesh is very heat resistant. (rF++)
You are vulnerable to cold. (rC-)
You float through the air rather than walking.
You learn spells naturally, not from books.
Your magical power is your life essence.
You have superior vitality. (+4 MHP)


Message History

You're too confused to attack without stumbling around!
The killer bee stings you but does no damage.
The killer bee closely misses you. The killer bee barely misses you.
You closely miss the killer bee. Your punch misses the killer bee.
The killer bee stings you.
The killer bee stings you but does no damage.
The killer bee stings you.
* * * LOW HITPOINT WARNING * * *
The killer bee stings you.
* * * LOW HITPOINT WARNING * * *
The killer bee stings you but does no damage.
The killer bee stings you.
* * * LOW HITPOINT WARNING * * *
You closely miss the killer bee. The killer bee barely misses you. x2
The killer bee closely misses you.
The killer bee stings you but does no damage.
The killer bee barely misses you. The killer bee stings you.
* * * LOW HITPOINT WARNING * * *
The killer bee stings you!
* * * LOW HITPOINT WARNING * * *
The killer bee stings you.
* * * LOW HITPOINT WARNING * * *
You barely miss the killer bee. The killer bee stings you.
* * * LOW HITPOINT WARNING * * *
The killer bee stings you.
* * * LOW HITPOINT WARNING * * *
The killer bee stings you!
* * * LOW HITPOINT WARNING * * *
The killer bee closely misses you. The killer bee completely misses you.
The killer bee closely misses you.
It was a potion of resistance.
You feel protected.
You feel less invigorated.
You feel less confused. The killer bee stings you!
* * * LOW HITPOINT WARNING * * *
The killer bee barely misses you. The killer bee closely misses you.
The killer bee stings you.
You die...
Fedhas appreciates your contribution to the ecosystem.

.#....§###.#####.### #.#
.#.....#..#..#.....#..⌠.
.#.....#.....#.....#.....#.
.##.....#.#.#.......⌠.⌠ ⌠..
.##....#.....#.....#. ..#
.##....#..#..#.....# ⌠..
###....###.#####.#####.###.
#..........#..†.[#.......
###......#.#..hy†#.......
########....:y.?.......
#.#....†#....... ######
#.#[....#....... †....# #
###.###....... .....# .....
....... .....#
.<.......).....
.....###########....###.###
...........# ####.# .#


You could see 2 killer bees.

Vanquished Creatures
  Pikel (D:4)
  Menkaure (D:5)
  Pargi (Sewer)
  2 ogres (D:5)
  4 lemures
  A phantom (D:4)
  A bullfrog (D:4)
  3 scorpions (D:4)
  3 killer bees (D:5)
  3 jellies
  2 orc priests (D:5)
  An iguana (D:5)
  Ijyb (D:5)
  3 orc wizards
  4 gnolls (D:2)
  7 adders
  2 worms
  5 dart slugs
  20 orcs
  12 ball pythons
  12 endoplasms
  11 giant cockroaches
  11 goblins
  10 hobgoblins
  A jackal (D:4)
  3 quokkas
  9 bats
  4 frilled lizards (Sewer)
  15 kobolds
  4 rats
157 creatures vanquished.

Vanquished Creatures (others)
  166 foxfires
166 creatures vanquished.

Grand Total: 323 creatures vanquished

Notes
Turn   | Place    | Note
-------+----------+-------------------------------------------
     0 | D:1      | worthlessgem the Djinni Shapeshifter began the quest for
                  | the Orb.
     0 | D:1      | Reached XP level 1. HP: 18/18 MP: 0/0
    88 | D:1      | Reached XP level 2. HP: 23/23 MP: 0/0
   371 | D:1      | Reached XP level 3. HP: 28/28 MP: 0/0
   371 | D:1      | Learned a level 1 spell: Foxfire
   456 | D:1      | Reached skill level 3 in Shapeshifting
  1103 | D:2      | Reached XP level 4. HP: 24/33 MP: 0/0
  1415 | D:2      | Found a faded altar of an unknown god.
  1741 | D:2      | Reached XP level 5. HP: 38/38 MP: 0/0
  1741 | D:2      | Learned a level 2 spell: Blink
  1996 | D:3      | Identified the +2 flail of Yhereof {holy, rPois rF- Str+2}
  2972 | D:4      | Reached skill level 4 in Shapeshifting
  2992 | D:4      | Reached XP level 6. HP: 38/43 MP: 0/0
  3218 | D:4      | Reached skill level 5 in Shapeshifting
  3218 | D:4      | Reached XP level 7. HP: 34/49 MP: 0/0
  3218 | D:4      | Learned a level 2 spell: Ensorcelled Hibernation
  3250 | D:4      | Noticed Pikel
  3257 | D:4      | Found a staircase to the Ecumenical Temple.
  3263 | Temple   | Entered the Ecumenical Temple
  3554 | Temple   | Became a worshipper of Fedhas Madash
  3617 | D:4      | Found a glowing drain.
  3624 | Sewer    | Entered a sewer
  3645 | Sewer    | Noticed Pargi
  3672 | Sewer    | Killed Pargi
  4122 | D:4      | Reached skill level 6 in Shapeshifting
  4388 | D:4      | Reached * piety under Fedhas
  4532 | D:5      | Entered Level 5 of the Dungeon
  4620 | D:4      | Killed Pikel
  4621 | D:4      | Reached XP level 8. HP: 54/54 MP: 0/0
  5142 | D:5      | Noticed Ijyb
  5152 | D:5      | Killed Ijyb
  5228 | D:5      | Noticed Menkaure
  5239 | D:5      | Killed Menkaure
  5240 | D:5      | Reached XP level 9. HP: 60/60 MP: 0/0
  5240 | D:5      | Learned a level 4 spell: Summon Lightning Spire
  5388 | D:5      | Reached ** piety under Fedhas
  5393 | D:5      | Reached skill level 5 in Unarmed Combat
  5516 | D:5      | HP: 2/62 [killer bee (7)]
  5517 | D:5      | Slain by a killer bee

Illustrated notes

Levels and vault maps discovered:
D:1:      minmay_arrival_stone_box, layout_basic
D:2:      layout_loops_ring, hellmonk_ecumenical_altar_zigzags,
          corexii_corridor_pit
D:3:      layout_loops_corners
D:4:      layout_loops_corners, minmay_temple_entry_wispy, gup_sewer_entry_pipe,
          minmay_bent, uniq_pikel
D:5:      layout_basic, minmay_chambers_of_fives, uniq_menkaure, uniq_ijyb
Temple:   nicolae_temple_slightly_damp_pantheon

Skill      XL: |  1  2  3  4  5  6  7  8  9 |
---------------+----------------------------+-----
Unarmed Combat | 3 4 5 |  5.3
Shapeshifting  | 3 4 5 6 |  6.6
Spellcasting   | 3 4 |  4.0
Conjurations   | 3 4 |  4.0
Hexes          | 3 4 |  4.0
Summonings     | 3 4 |  4.0
Necromancy     | 3 4 |  4.0
Translocations | 3 4 |  4.0
Transmutations | 3 4 |  4.0
Fire Magic     | 3 4 |  4.0
Ice Magic      | 3 4 |  4.0
Air Magic      | 3 4 |  4.0
Earth Magic    | 3 4 |  4.0
Poison Magic   | 3 4 |  4.0
Fighting       | 3 |  3.7
Dodging        | |  2.1

Action                     |  1- 3 |  4- 6 |  7- 9 || total
---------------------------+-------+-------+-------++-------
  Melee: Quarterstaff      |    83 |    12 |       ||    95
         Unarmed           |     2 |       |       ||     2
         Mace              |       |    88 |   150 ||   238
         Punch             |       |     1 |     2 ||     3
         Maw               |       |       |     3 ||     3
   Fire: Sling             |       |    63 |    92 ||   155
  Throw: Dart              |       |     1 |     1 ||     2
   Cast: Foxfire           |       |     1 |    98 ||    99
    Use: Scroll            |       |     1 |    10 ||    11
         Potion            |       |       |     7 ||     7
   Stab: Sleeping          |     1 |       |       ||     1
 Armour: Animal skin       |    12 |       |       ||    12
         Ring mail         |    17 |    85 |    15 ||   117
         Troll leather arm |       |       |    89 ||    89
         Skin              |       |       |     2 ||     2
  Dodge: Dodged            |    57 |   114 |   180 ||   351
   Form: Beast             |     1 |       |     1 ||     2
                           |     1 |       |       ||     1
         Maw               |       |       |     1 ||     1

Table legend: (Time is in decaauts)
 A = Elapsed time spent in this place.
 B = Non-inter-level travel time spent in this place.
 C = Inter-level travel time spent in this place.
 D = Time resting spent in this place.
 E = Time spent auto-exploring this place.
 F = Levels seen in this place.
 G = Mean time per level.
                   A        B        C        D        E       F      G
               +--------+--------+--------+--------+--------+-----+--------+
         Total |   5701 |   5293 |    408 |    214 |   3308 |   7 |  814.4 |
       Dungeon |   5127 |   4742 |    385 |    214 |   2979 |   5 | 1025.4 |
        Temple |    333 |    310 |     23 |      0 |    187 |   1 |  333.0 |
         Sewer |    239 |    239 |      0 |      0 |    142 |   1 |  239.0 |
               +--------+--------+--------+--------+--------+-----+--------+

Top non-repeatable levels by time:
     D:4: 1392 daAuts
     D:3: 1137 daAuts
     D:2: 1063 daAuts
     D:1: 941 daAuts
     D:5: 592 daAuts
  Temple: 333 daAuts
   Sewer: 239 daAuts
